 Seeded DCSS version 0.29.1-15-g9cfb28693d (webtiles) character file.

Game seed: 10786124958312911374 (custom seed)

106 bmack86 the Trooper (level 4, -3/41 HPs)
             Began as a Minotaur Fighter on Mar 2, 2023.
             Slain by a gnoll
             ... wielding a +0 halberd
              (5 damage)
             ... on level 2 of the Dungeon.
             The game lasted 00:03:39 (1683 turns).

bmack86 the Trooper (Minotaur Fighter)              Turns: 1683, Time: 00:03:39

Health: -3/41      AC:  8    Str: 23    XL:     4   Next: 55%
Magic:  3/3        EV:  9    Int:  5    God:
Gold:   49         SH:  4    Dex:  9    Spells: 3/3 levels left

rFire   . . .      SeeInvis +   s - +14 obsidian axe {vorpal, Mesm Drain Fly SInv}
rCold   . . .      Faith    .   c - +0 buckler
rNeg    . . .      Spirit   .   b - +0 scale mail
rPois   .          Reflect  .   (helmet restricted)
rElec   .          Harm     .   (no cloak)
rCorr   .          Rampage  .   (no gloves)
Will    .....                   i - +0 pair of boots
Stlth   ..........              (no amulet)
HPRegen 0.13/turn               (no ring)
MPRegen 0.08/turn               (no ring)

@: flying, mesmerised
A: horns 2, retaliatory headbutt
a: no special abilities


You were on level 2 of the Dungeon.
You visited 1 branch of the dungeon, and saw 2 of its levels.

You collected 49 gold pieces.

Inventory:

Hand Weapons
 a - a +0 war axe
 s - the +14 obsidian axe (weapon) {vorpal, Mesm Drain Fly SInv}
   (You took it off a gnoll on level 2 of the Dungeon)

   It inflicts extra damage upon your enemies.
   It occasionally summons demons to assist the wielder when it strikes in
   combat.
   Its wielder is mesmerised by any visible foes.
   It cannot be unequipped while any foes are visible.
   SInv:      It lets you see invisible.
   Fly:       It grants you flight.
   Drain:     It drains your maximum health when unequipped.
Armour
 b - a +0 scale mail (worn)
 c - a +0 buckler (worn)
 i - a +0 pair of boots (worn)
Scrolls
 e - a scroll of fear {unknown}
 f - 2 scrolls of poison {unknown}
 h - a scroll of vulnerability {unknown}
 j - 2 scrolls of blinking {unknown}
 k - a scroll of summoning {unknown}
 l - a scroll of enchant weapon {unknown}
 p - a scroll of noise {unknown}
Potions
 d - a potion of might
 g - a potion of ambrosia
 m - a potion of lignification
 n - a potion of berserk rage
 o - 2 potions of curing {unknown}
 q - a potion of invisibility
 r - a potion of resistance {unknown}


   Skills:
 + Level 4.3 Fighting
 * Level 4.1 Axes
 + Level 4.3 Armour
 + Level 4.3 Shields


You had 3 spell levels left.
You didn't know any spells.
Your spell library contained the following spells:

 Spells                   Type           Power      Damage    Failure   Level
 Freeze                   Ice            0%         1d3       86%         1
 Frozen Ramparts          Ice            0%         1d1       99%         3
 Hailstorm                Conj/Ice       0%         3d3       100%        4
 Summon Ice Beast         Ice/Summ       0%         N/A       100%        4
 Summon Mana Viper        Hex/Summ       0%         N/A       100%        5
 Monstrous Menagerie      Summ           0%         N/A       100%        7


Dungeon Overview and Level Annotations

Branches:
Dungeon (2/15)

Altars:


Innate Abilities, Weirdness & Mutations

You have a pair of horns on your head.
You reflexively headbutt those who attack you in melee.


Message History

A gnoll comes into view. It is wielding a +0 halberd.
The gnoll shouts!
You slice the gnoll!!
You are no longer entranced.
You kill the gnoll!
Visions of slaying the gnoll flood into your mind.
You hear a shout!
The gnoll hits you from afar with a +0 spear.
A gnoll comes into view. It is wielding a +0 club.
Your Axes skill increases to level 4!
A gnoll sergeant comes into view.
It is wielding a +2 trident of protection.
The gnoll hits you from afar with a +0 spear.
The gnoll barely misses you.
You see here a +0 spear.
You hit the gnoll but do no damage. You headbutt the gnoll!
The gnoll is severely wounded.
You block the gnoll's attack. The gnoll hits you with a +0 spear!
The gnoll hits you with a +0 spear. You block the gnoll's attack.
You slash the gnoll!
You are no longer entranced.
You kill the gnoll!
Visions of slaying the gnoll flood into your mind.
The gnoll hits you from afar with a +0 halberd!
The gnoll hits you but does no damage. The gnoll hits you with a +0 halberd!
* * * LOW HITPOINT WARNING * * *
The gnoll hits you from afar with a +0 spear.
* * * LOW HITPOINT WARNING * * *
You see here a +0 spear.
You closely miss the gnoll. You block the gnoll sergeant's attack.
The gnoll hits you from afar with a +0 spear.
* * * LOW HITPOINT WARNING * * *
The gnoll closely misses you. You block the gnoll's attack.
The gnoll sergeant closely misses you.
Found the +3 woodcutter's axe {vorpal}.
The gnoll sergeant hits you but does no damage.
The gnoll hits you with a +0 club.
* * * LOW HITPOINT WARNING * * *
You block the gnoll's attack. The gnoll hits you with a +0 halberd.
You die...

#
...............##
#
.........#####..##
# .#.###### ##..#
### ..# ♣♣♣♣ ##÷##
..# .. ..)♣ #..##
..# # #..♣♣♣ ##).#
..#
...#....♣♣♣##.#
..#####
...#..♣..)♣♣#.#
......#
)..'..g@))....#
..##..#
...#.♣g.g.♣♣###
.###..##
...#.()g♣♣♣
..#....# # #..♣♣♣
###....# ...♣ #
#....## ♣♣♣♣ #
#..<..###
###.......#
..........#


You could see a gnoll sergeant and 3 gnolls.

Vanquished Creatures
  5 gnolls
  A worm (D:2)
  3 dart slugs (D:1)
  5 endoplasms
  A giant cockroach (D:2)
  4 hobgoblins (D:1)
  5 kobolds
  A quokka (D:1)
  6 ball pythons
  10 bats
  3 goblins
  4 rats (D:1)
48 creatures vanquished.

Notes
Turn   | Place    | Note
-------+----------+-------------------------------------------
     0 | D:1      | bmack86 the Minotaur Fighter began the quest for the Orb.
     0 | D:1      | Reached XP level 1. HP: 19/19 MP: 0/0
   184 | D:1      | Reached XP level 2. HP: 26/27 MP: 1/1
   468 | D:1      | Reached XP level 3. HP: 31/33 MP: 2/2
  1492 | D:2      | Reached XP level 4. HP: 37/40 MP: 3/3
  1678 | D:2      | Noticed a gnoll sergeant
  1683 | D:2      | Found the +3 woodcutter's axe {vorpal}
  1683 | D:2      | HP: 2/41 [gnoll/+0 club (2)]
  1683 | D:2      | Slain by a gnoll

Illustrated notes

Levels and vault maps discovered:
D:1:      shiori_arrival_elements, layout_basic
D:2:      wander_river, layout_basic, pf_guarded_unrand_woodcutter,
          uniq_sigmund, uniq_terence

Skill      XL: |  1  2  3  4 |
---------------+-------------+-----
Axes           | 3 4 |  4.1
Fighting       | 4 |  4.3
Armour         | 4 |  4.3
Shields        | 4 |  4.3

Action                   |  1- 3 |  4- 6 || total
-------------------------+-------+-------++-------
Melee: War axe           |    69 |     3 ||    72
       Headbutt          |     7 |     1 ||     8
       Broad axe         |       |     4 ||     4
  Use: Scroll            |     4 |       ||     4
       Potion            |     1 |       ||     1
Armor: Scale mail        |    56 |     2 ||    58
Dodge: Dodged            |    69 |     5 ||    74
Block: Buckler           |    25 |     5 ||    30
